 Dungeon Crawl Stone Soup version 0.26-a0-969-g2c58977ddd (webtiles) character file.

Game seed: 17536198799473793586

553 Descartes the Destroyer (level 7, -8/36 HPs)
             Began as a Deep Elf Conjurer on Dec 4, 2020.
             Splashed by Ijyb's acid (12 damage)
             ... on level 5 of the Dungeon.
             The game lasted 00:10:52 (4755 turns).

Descartes the Destroyer (Deep Elf Conjurer)         Turns: 4755, Time: 00:10:53

Health: -8/36      AC: -2    Str:  4    XL:     7   Next: 8%
Magic:  11/16      EV: 13    Int: 25    God:
Gold:   176        SH:  0    Dex: 13    Spells: 11/15 levels left

rFire    . . .     SeeInvis .   k - +2 dagger (holy)
rCold    . . .     Faith    .   (no shield)
rNeg     . . .     Spirit   .   a - +0 robe
rPois    +         Reflect  .   (no helmet)
rElec    .         Harm     .   (no cloak)
rCorr    .         Rampage  .   (no gloves)
MR       .....                  (no boots)
Stlth    ++........             y - amulet of magic regeneration
HPRegen  0.52/turn              i - ring of poison resistance
MPRegen  0.40/turn              (no ring)

@: corroded
A: blurry vision 1, regeneration 1
a: no special abilities


You were on level 5 of the Dungeon.
You visited 1 branch of the dungeon, and saw 5 of its levels.

You collected 176 gold pieces.

Inventory:

Hand Weapons
 h - a +0 dagger of draining
 k - a +2 dagger of holy wrath (weapon)
 t - a +1 short sword of freezing
 B - a +0 long sword
 C - a +1 dagger of electrocution
Missiles
 b - 203 stones
 c - 45 sling bullets
 m - 14 poisoned darts
 r - 70 bolts
 s - 34 arrows
Armour
 a - a +0 robe (worn)
Jewellery
 i - a ring of poison resistance (left hand)
 y - an amulet of magic regeneration (around neck)
Wands
 z - a wand of paralysis (10)
Scrolls
 e - a scroll of teleportation {unknown}
 f - 4 scrolls of remove curse {unknown}
 o - 2 scrolls of magic mapping {unknown}
 q - a scroll of fear {unknown}
 w - a scroll of fog {unknown}
 x - a scroll of enchant armour {unknown}
 A - a scroll of noise {unknown}
Potions
 d - 2 potions of cancellation
 g - 3 potions of berserk rage
 j - a potion of might
 n - a potion of flight {unknown}
 u - 2 potions of brilliance
 v - a potion of heal wounds {unknown}


   Skills:
 - Level 2.4 Dodging
 - Level 2.4 Stealth
 + Level 4.9 Spellcasting
 + Level 8.1 Conjurations
 + Level 3.5 Hexes


You had 11 spell levels left.
You knew the following spells:

 Your Spells              Type           Power        Failure   Level
a - Magic Dart            Conj           ####         1%          1
b - Dazzling Flash        Conj/Hex       #####.       2%          3

Your spell library contained the following spells:

 Spells                   Type           Power        Failure   Level
 Searing Ray              Conj           #####.       1%          2
 Confusing Touch          Hex            ###.....     5%          3
 Fulminant Prism          Conj/Hex       #####.....   8%          4
 Iskenderun's Mystic Bla  Conj/Tloc      ####....     16%         4
 Gell's Gravitas          Tloc           #.........   26%         3
 Petrify                  Tmut/Erth      #.......     63%         4
 Metabolic Englaciation   Hex/Ice        ###.......   73%         5
 Yara's Violent Unravell  Hex/Tmut       ###.......   73%         5


Dungeon Overview and Level Annotations

Branches:
Dungeon (5/15)
 Temple: D:4-7

Altars:
Cheibriados
Elyvilon
Fedhas
Kikubaaqudgha
Okawaru
Trog
Wu Jian
Zin

Annotations:
D:5 Ijyb


Innate Abilities, Weirdness & Mutations

Scrolls take you a little longer to read.
Your natural rate of healing is unusually fast.


Message History

Ijyb is heavily wounded.
Casting: Magic Dart (safe; 1% risk of failure)
Confirm with . or Enter, or press ? or * to list all spells.
Aiming: Magic Dart (safe; 1% risk of failure)
Press: ? - help, Shift-Dir - straight line, f/p - Ijyb
Aim: Ijyb, wearing a +3 ring mail of cold resistance and carrying a wand of acid (9) (heavily wounded, 0% to evade)
The magic dart hits Ijyb but does no damage.
Ijyb is heavily wounded.
Ijyb zaps a wand.
The bolt of acid hits you!
You are splashed with acid!
Casting: Magic Dart (safe; 1% risk of failure)
Confirm with . or Enter, or press ? or * to list all spells.
Aiming: Magic Dart (safe; 1% risk of failure)
Press: ? - help, Shift-Dir - straight line, f/p - Ijyb
Aim: Ijyb, wearing a +3 ring mail of cold resistance and carrying a wand of acid (8) (heavily wounded, 0% to evade)
The magic dart hits Ijyb but does no damage.
Ijyb is heavily wounded.
Ijyb zaps a wand.
The bolt of acid hits you!
* * * LOW HITPOINT WARNING * * *
The acid corrodes you!
You are splashed with acid!
You die...

####### #.....#######
#.....#......
#.....'...... .
#.....#..#### ...
#.....#..##..
.....#######.....#..##>.
.......@....######..##..
.....g......# ...####
............# ....##..
............# ....#...
............# .....#...
............# #...
............# ##..
.....###+#### #.. ###


You could see Ijyb.

Vanquished Creatures
  An ice beast (D:4)
  A hound (D:4)
  5 orc wizards (D:4)
  3 worker ants
  A worker ant zombie (D:3)
  12 adders
  An ooze (D:1)
  4 worms
  4 dart slugs
  2 leopard geckos
  2 orcs (D:4)
  5 giant cockroaches (D:2)
  13 goblins
  6 hobgoblins
  13 kobolds
  A quokka (D:2)
  2 ball pythons
  6 bats
  A giant cockroach zombie (D:5)
  13 rats
96 creatures vanquished.

Notes
Turn   | Place    | Note
-------+----------+-------------------------------------------
     0 | D:1      | Descartes the Deep Elf Conjurer began the quest for the
                  | Orb.
     0 | D:1      | Reached XP level 1. HP: 10/10 MP: 6/6
   205 | D:1      | Reached XP level 2. HP: 15/15 MP: 4/8
   253 | D:1      | Reached skill level 5 in Conjurations
   727 | D:1      | Reached XP level 3. HP: 19/19 MP: 7/9
  1394 | D:2      | Reached skill level 6 in Conjurations
  1560 | D:2      | Reached XP level 4. HP: 24/24 MP: 7/10
  1676 | D:2      | Learned a level 3 spell: Dazzling Flash
  1846 | D:2      | Found a snail-covered altar of Cheibriados.
  2134 | D:2      | Found a glowing silver altar of Zin.
  2440 | D:2      | Reached skill level 7 in Conjurations
  2440 | D:2      | Reached XP level 5. HP: 28/28 MP: 8/11
  2763 | D:3      | Found a white marble altar of Elyvilon.
  3789 | D:4      | Found an ancient bone altar of Kikubaaqudgha.
  3843 | D:4      | Found a blossoming altar of Fedhas.
  3868 | D:4      | Reached skill level 1 in Hexes
  3897 | D:4      | Reached XP level 6. HP: 26/32 MP: 3/13
  4010 | D:4      | Noticed an ice beast
  4030 | D:4      | Killed an ice beast
  4169 | D:4      | Reached skill level 8 in Conjurations
  4225 | D:4      | Gained mutation: Scrolls take you a little longer to read.
                  | [potion of mutation]
  4225 | D:4      | Gained mutation: Your natural rate of healing is unusually
                  | fast. [potion of mutation]
  4314 | D:4      | Reached XP level 7. HP: 36/36 MP: 12/16
  4463 | D:4      | Found a bloodstained altar of Trog.
  4565 | D:4      | Found an ornate altar of the Wu Jian Council.
  4679 | D:4      | Found an iron altar of Okawaru.
  4706 | D:5      | Entered Level 5 of the Dungeon
  4747 | D:5      | Noticed Ijyb
  4755 | D:5      | Splashed by Ijyb's acid

Illustrated notes

Levels and vault maps discovered:
D:1:      dpeg_arrival_long_road, layout_basic
D:2:      layout_loops_ring, old_standard_altar, lemuel_doored_altar,
          minmay_joined_circles
D:3:      layout_basic, elyvilon_altar_5
D:4:      layout_cave_pools, lemuel_round_altar, kennysheep_little_box,
          marbit_many_paths, nicolae_overflow_hidden_temple,
          nicolae_overflow_crystal_walls, minmay_a_box_with_orc_wizards_in_it
D:5:      kennysheep_steamy, layout_gridville, minmay_temple_entry_antechambers,
          serial_shops, shop, uniq_ijyb, uniq_crazy_yiuf_cottage, uniq_duvessa

Skill      XL: |  1  2  3  4  5  6 |
---------------+-------------------+-----
Conjurations   | 5 6 7 8 |  8.1
Hexes          | 1 3 |  3.5
Spellcasting   | 4 |  4.9
Dodging        | |  2.4
Stealth        | |  2.4

Action                   |  1- 3 |  4- 6 |  7- 9 || total
-------------------------+-------+-------+-------++-------
Melee: Dagger            |       |     2 |       ||     2
 Cast: Magic Dart        |    73 |   166 |    20 ||   259
       Dazzling Flash    |       |     4 |       ||     4
  Use: Scroll            |       |     5 |       ||     5
       Potion            |       |     1 |       ||     1
Armor: Robe              |     2 |     3 |       ||     5
Dodge: Dodged            |     5 |    30 |     4 ||    39

Table legend: (Time is in decaauts)
 A = Elapsed time spent in this place.
 B = Non-inter-level travel time spent in this place.
 C = Inter-level travel time spent in this place.
 D = Time resting spent in this place.
 E = Time spent auto-exploring this place.
 F = Levels seen in this place.
 G = Mean time per level.
                   A        B        C        D        E       F      G
               +--------+--------+--------+--------+--------+-----+--------+
         Total |   4755 |   4579 |    176 |     26 |   4009 |   5 |  951.0 |
       Dungeon |   4755 |   4579 |    176 |     26 |   4009 |   5 |  951.0 |
               +--------+--------+--------+--------+--------+-----+--------+

Top non-repeatable levels by time:
     D:2: 1362 daAuts
     D:1: 1346 daAuts
     D:3: 1081 daAuts
     D:4: 916 daAuts
     D:5: 48 daAuts
